 Dungeon Crawl Stone Soup version 0.23-a0-356-g1757c6e (webtiles) character file.

293 Cryolive the Digger (level 6, -1/32 HPs)
             Began as a Gargoyle Earth Elementalist on Oct 21, 2018.
             Slain by a troll (9 damage)
             ... on level 4 of the Dungeon.
             The game lasted 00:11:51 (2303 turns).

Cryolive the Digger (Gargoyle Earth Elementalist)   Turns: 2303, Time: 00:11:52

Health: -1/32      AC:  8    Str: 12    XL:     6   Next: 33%
Magic:  0/12       EV: 12    Int: 17    God:
Gold:   131        SH:  0    Dex: 10    Spells: 12/13 levels left

rFire    . . .     SeeInvis .   f - +1 short sword (protect)
rCold    . . .     Gourm    .   (no shield)
rNeg     + . .     Faith    .   c - +0 robe
rPois    ∞         Spirit   .   l - +2 hat
rElec    +         Reflect  .   (no cloak)
rCorr    .         Harm     .   (no gloves)
MR       .....                  (no boots)
Stlth    ++........             (no amulet)
HPRegen  0.10/turn              (no ring)
MPRegen  0.13/turn              (no ring)

@: no status effects
A: negative energy resistance 1, electricity resistance, unbreathing,
petrification resistance, rot immunity, AC +4
a: no special abilities


You were on level 4 of the Dungeon.
You were not hungry.

You visited 1 branch of the dungeon, and saw 4 of its levels.

You collected 131 gold pieces.

Inventory:

Hand Weapons
 f - a +1 short sword of protection (weapon)
Missiles
 b - 168 stones (quivered)
Armour
 c - a +0 robe (worn)
 l - a +2 hat (worn)
Jewellery
 n - an uncursed ring of magical power {unknown}
 o - an uncursed ring of flight {unknown}
 q - an uncursed ring of protection from fire {unknown}
Wands
 t - a wand of iceblast (5)
Scrolls
 a - a scroll of amnesia {unknown}
 e - a scroll of magic mapping {unknown}
 g - 2 scrolls of blinking
 k - a scroll of identify
 p - a scroll of teleportation {unknown}
 r - a scroll of fog {unknown}
Potions
 h - 2 potions of agility
 i - a potion of invisibility {unknown}
 j - a potion of berserk rage {unknown}
 m - a potion of curing {unknown}
 s - a potion of heal wounds {unknown}
Comestibles
 d - 3 rations


   Skills:
 - Level 1.5 Dodging
 - Level 2.1 Stealth
 + Level 4.4 Spellcasting
   Level 0.7 Transmutations
 + Level 6.4 Earth Magic


You had 12 spell levels left.
You knew the following spells:

 Your Spells              Type           Power        Failure   Level  Hunger
a - Sandblast             Erth           ####..       1%          1    None

Your spell library contained the following spells:

 Spells                   Type           Power        Failure   Level  Hunger
 Passwall                 Tmut/Erth      ###.....     5%          2    ##.....
 Stone Arrow              Conj/Erth      ##....       12%         3    ###....
 Lee's Rapid Deconstruct  Erth           ####......   30%         5    ######.
 Petrify                  Tmut/Erth      ###.....     34%         4    ####...


Dungeon Overview and Level Annotations

Branches:
Dungeon (4/15)
 Temple: D:4-7

Altars:
Cheibriados
Dithmenos
Gozag


Innate Abilities, Weirdness & Mutations

You are resistant to torment.
Your stone body is resilient. (AC +4)
You are immune to poison.
You resist negative energy. (rN+)
You are resistant to electric shocks. (rElec)
You can survive without breathing.
You are immune to petrification.
You are immune to rotting.


Message History

Castin': Sandblast (safe; 1% risk o' failure) Confirm wit' . or Enter, or press ? or * ta list all spells.
Aimin': Sandblast (safe; 1% risk o' failure)
Press: ? - help, Shift-Dir - straight line, f/p - troll
Aim: a troll (severely wounded) Tha blast o' sand misses tha troll.
Tha blast o' sand hits tha orc.
Ye kill tha orc!
b - 169 stones Tha troll bites ye!
Tha troll closely misses ye.
Tha troll claws ye.
* * * LOW HITPOINT WARNIN'
* * * Castin': Sandblast (safe; 1% risk o' failure) Confirm wit' . or Enter, or press ? or * ta list all spells.
Aimin': Sandblast (safe; 1% risk o' failure)
Press: ? - help, Shift-Dir - straight line, f/p - troll
Aim: a troll (severely wounded) Tha blast o' sand hits tha troll.
Tha troll be severely wounded.
b - 168 stones Tha troll closely misses ye.
Tha troll claws ye!
Ye die...

##.#........ ..#.......#
..# ..........# ######..#
#......(# #........
#....†..# #........
##.......######........
###......................
..........#######........
...##....<....)T@......#
######..#.############...
.......##..# .......###.#
###.....# .. #.....# ...
.............
.##...#.#.....#
#...#.....


You could see a troll.

Vanquished Creatures
  A hippogriff (D:4)
  A howler monkey (D:4)
  An adder (D:2)
  2 worms
  A dart slug (D:3)
  A leopard gecko (D:3)
  2 orcs
  8 bats
  3 giant cockroaches
  11 goblins
  7 hobgoblins
  4 jackals (D:1)
  A quokka (D:2)
  A ball python (D:2)
  4 frilled lizards
  6 kobolds
  5 rats
59 creatures vanquished.

Notes
Turn   | Place    | Note
-------+----------+-------------------------------------------
     0 | D:1      | Cryolive the Gargoyle Earth Elementalist began the quest
                  | for the Orb.
     0 | D:1      | Reached XP level 1. HP: 10/10 MP: 3/3
     1 | D:1      | Noticed a large abomination
     3 | D:1      | Noticed a tentacled monstrosity
     5 | D:1      | Noticed an ice dragon
     8 | D:1      | Noticed a golden dragon
    10 | D:1      | Noticed a tentacled monstrosity
    12 | D:1      | Noticed a shadow dragon
    14 | D:1      | Noticed an orb of fire
    14 | D:1      | Noticed a golden dragon
    16 | D:1      | Noticed a shadow dragon
    18 | D:1      | Noticed an orb of fire
    18 | D:1      | Noticed a shadow dragon
   218 | D:1      | Reached skill level 4 in Earth Magic
   218 | D:1      | Reached XP level 2. HP: 6/15 MP: 5/5
   563 | D:1      | Reached XP level 3. HP: 15/19 MP: 6/6
  1042 | D:2      | Found an opulent altar of Gozag.
  1527 | D:3      | Reached XP level 4. HP: 17/24 MP: 4/8
  1635 | D:3      | Found a shadowy altar of Dithmenos.
  1808 | D:3      | Reached skill level 5 in Earth Magic
  2095 | D:3      | Found a snail-covered altar of Cheibriados.
  2258 | D:4      | Noticed a hippogriff
  2268 | D:4      | Killed a hippogriff
  2268 | D:4      | Reached skill level 6 in Earth Magic
  2268 | D:4      | Reached XP level 5. HP: 17/28 MP: 2/11
  2268 | D:4      | Reached XP level 6. HP: 20/32 MP: 2/12
  2293 | D:4      | Noticed a troll
  2303 | D:4      | Slain by a troll

Vault maps used:
D:1:      shiori_arrival_whats_in_store_for_you
D:2:      first_ration, grunt_gozag_breadcrumbs
D:3:      kennysheep_slug_shrine, grunt_dithmenos_smoke, corexii_shack,
          serial_park_tiny_2, minmay_misc_feat_ornament
D:4:      serial_shops, shop, hangedman_decor_riveting, lemuel_tele_altar,
          uniq_blork_the_orc

Skill      XL: |  1  2  3  4 |
---------------+-------------+-----
Earth Magic    | 4 6 |  6.4
Spellcasting   | 3 4 |  4.4
Dodging        | |  1.5
Stealth        | |  2.1
Transmutations | |  0.7

Action                   |  1- 3 |  4- 6 || total
-------------------------+-------+-------++-------
Melee: Dagger            |    16 |       ||    16
       Unarmed           |    12 |       ||    12
       Short sword       |   128 |    33 ||   161
 Cast: Sandblast         |    11 |    23 ||    34
  Use: Scroll            |     1 |     2 ||     3
 Stab: Sleeping          |     2 |       ||     2
  Eat: Ration            |     1 |     1 ||     2
Armor: Robe              |    82 |    24 ||   106
Dodge: Dodged            |   119 |    31 ||   150

Table legend:
 A = Non-vault XP
 B = Vault XP
 C = Vault XP percentage of total XP
 D = Non-vault monster count
 E = Vault monster count
 F = Vault count percentage of total count
                 A         B        C        D         E       F
            +---------+---------+-------+---------+---------+-------
      Total |     413 |       6 |   1.4 |      57 |       2 |   3.4
            +---------+---------+-------+---------+---------+-------
        D:1 |      37 |       0 |   0.0 |      22 |       0 |   0.0
        D:2 |      42 |       0 |   0.0 |      17 |       0 |   0.0
        D:3 |      28 |       6 |  17.6 |      14 |       2 |  12.5
        D:4 |     306 |       0 |   0.0 |       4 |       0 |   0.0
            +---------+---------+-------+---------+---------+-------
